 Dungeon Crawl Stone Soup version 0.31-a0-977-gc230f8ef24 (webtiles) character file.

Game seed: 15178066218710932275

65 BinkBink the Shooter (level 4, 0/35 HPs)
             Began as a Barachi Hunter on Oct 29, 2023.
             Succumbed to an adder's poison
             ... on level 3 of the Dungeon.
             The game lasted 00:01:44 (1021 turns).

BinkBink the Shooter (Barachi Hunter)               Turns: 1021, Time: 00:01:45

Health: 0/35       AC:  0    Str: 12    XL:     4   Next: 14%
Magic:  4/4        EV: 12    Int: 10    God:
Gold:   95         SH:  0    Dex: 17    Spells: 3/3 levels left

rFire   . . .        a - +0 shortbow
rCold   . . .        (shield currently unavailable)
rNeg    . . .        (no body armour)
rPois   .            (no helmet)
rElec   .            (no cloak)
rCorr   .            (no gloves)
SInv    .            (no boots)
Will    .....        (no amulet)
Stlth   ++           (no ring)
HPRegen 0.25/turn    (no ring)
MPRegen 0.09/turn

%: no passive effects
@: lethally poisoned (0 -> -5), unable to hop, slow
A: amphibious, slowness 1, strong legs 1, +LOS
a: Hop


You were on level 3 of the Dungeon.
You visited 1 branch of the dungeon, and saw 3 of its levels.

You collected 95 gold pieces.

Inventory:

Hand Weapons
 a - a +0 shortbow (weapon)
Jewellery
 g - an amulet of faith
Scrolls
 b - a scroll of butterflies
 c - a scroll of fear {unknown}
 d - a scroll of identify {unknown}
 e - a scroll of amnesia {unknown}
 f - a scroll of teleportation {unknown}
 h - a scroll of enchant weapon {unknown}


   Skills:
 + Level 3.5 Fighting
 * Level 5.1 Ranged Weapons
 - Level 2.1 Dodging
 - Level 0.8 Stealth


You had 3 spell levels left.
You didn't know any spells.
Your spell library contained the following spells:

 Spells                   Type           Power      Damage    Failure   Level
 Sting                    Tmut/Pois      0%         1d3       36%         1
 Blink                    Tloc           0%         N/A       50%         2
 Lesser Beckoning         Tloc           0%         N/A       50%         2
 Momentum Strike          Conj/Tloc      0%         3d8       50%         2
 Poisonous Vapours        Pois/Air       0%         N/A       50%         2
 Frozen Ramparts          Ice            0%         1d1       75%         3
 Olgreb's Toxic Radiance  Pois           0%         N/A       98%         4
 Petrify                  Tmut/Erth      0%         N/A       98%         4
 Metabolic Englaciation   Hex/Ice        0%         N/A       100%        5
 Simulacrum               Ice/Necr       0%         N/A       100%        6
 Ozocubu's Refrigeration  Ice            0%         4d7       100%        7
 Polar Vortex             Ice            0%         N/A       100%        9


Dungeon Overview and Level Annotations

Branches:
Dungeon (2/15)

Altars:


Innate Abilities, Weirdness & Mutations

You are amphibious.
You cover ground slowly.
You can hop short distances.
You have an extended range of vision and can be seen from far away.


Message History

You are too injured to fight recklessly!
You are too injured to fight recklessly!
Fire: a) +0 shortbow
Press: ? - help, Shift-Dir - straight line, f/p - adder
Aim: an adder (severely wounded, 46% to hit)
You shoot an arrow. The arrow misses the adder.
You feel sick. The adder misses you. The quokka bites you.
* * * LOW HITPOINT WARNING * * *
The adder bites you.
* * * LOW HITPOINT WARNING * * *
You are lethally poisoned!
The adder poisons you!
You aren't carrying any potions.
Hop to where?
Press: ? - help, Dir - move target, p - adder Boing!
* * * LOW HITPOINT WARNING * * *
You feel sick.
Fire: a) +0 shortbow
Press: ? - help, Shift-Dir - straight line, f - adder
Aim: an adder (sparse dust, severely wounded, 46% to hit)
You shoot an arrow. The arrow hits the adder!
You kill the adder!
* * * LOW HITPOINT WARNING * * *
You feel sick.
You have reached level 4!
You feel clever.
Fire: a) +0 shortbow
Press: ? - help, Shift-Dir - straight line, f - quokka
Aim: a quokka (53% to hit)
You shoot an arrow. The arrow hits the quokka.
The quokka is heavily wounded.
* * * LOW HITPOINT WARNING * * *
You feel sick.
Fire: a) +0 shortbow
Press: ? - help, Shift-Dir - straight line, f/p - quokka
Aim: a quokka (heavily wounded, 53% to hit)
You shoot an arrow. The arrow hits the quokka.
You kill the quokka!
You die...

### ..# #
#.# #.# #.#
#...######.#
#....@##.#
#.###†.#.# #
.. #....#
..# ##
#.##..###..#
..#
#.††....#
#..
#.##††.##.#
## ..# #...#
#.. .###.#
#. # #..


There were no monsters in sight!

Vanquished Creatures
  3 adders
  3 dart slugs (D:1)
  An endoplasm (D:2)
  2 giant cockroaches (D:1)
  A hobgoblin (D:3)
  A jackal (D:3)
  2 quokkas
  3 ball pythons (D:1)
  4 bats
  5 frilled lizards
  5 goblins (D:1)
  4 kobolds
  2 rats
36 creatures vanquished.

Notes
Turn   | Place    | Note
-------+----------+-------------------------------------------
     0 | D:1      | BinkBink the Barachi Hunter began the quest for the Orb.
     0 | D:1      | Reached XP level 1. HP: 17/17 MP: 1/1
   158 | D:1      | Reached XP level 2. HP: 23/23 MP: 2/2
   602 | D:1      | Reached XP level 3. HP: 29/29 MP: 3/3
   996 | D:2      | You fall into a shaft and drop 1 floor!
  1014 | D:3      | Reached skill level 5 in Ranged Weapons
  1020 | D:3      | Reached XP level 4. HP: 4/35 MP: 4/4
  1021 | D:3      | Succumbed to an adder's poison

Illustrated notes

Levels and vault maps discovered:
D:1:      nzn_arrival_water_spiral, layout_loops_ring
D:2:      layout_loops_corners, minmay_misc_feat_tower, minmay_misc_feat_alley
D:3:      layout_rooms, minmay_vboxes

Skill      XL: |  1  2  3 |
---------------+----------+-----
Fighting       | 3 |  3.5
Ranged Weapons | 5 |  5.1
Dodging        | |  2.1
Stealth        | |  0.8

Action                     |  1- 3 |  4- 6 || total
---------------------------+-------+-------++-------
   Fire: Shortbow          |    84 |     2 ||    86
Ability: Hop               |     2 |       ||     2
 Armour: Skin              |    21 |       ||    21
  Dodge: Dodged            |    30 |       ||    30

Table legend: (Time is in decaauts)
 A = Elapsed time spent in this place.
 B = Non-inter-level travel time spent in this place.
 C = Inter-level travel time spent in this place.
 D = Time resting spent in this place.
 E = Time spent auto-exploring this place.
 F = Levels seen in this place.
 G = Mean time per level.
                   A        B        C        D        E       F      G
               +--------+--------+--------+--------+--------+-----+--------+
         Total |   1194 |   1163 |     31 |      0 |    999 |   3 |  398.0 |
       Dungeon |   1194 |   1163 |     31 |      0 |    999 |   3 |  398.0 |
               +--------+--------+--------+--------+--------+-----+--------+

Top non-repeatable levels by time:
     D:1: 929 daAuts
     D:2: 236 daAuts
     D:3: 28 daAuts
